Map: Ever Dream LE

Players

Nopi - Winner!

  • Race: Zerg Zerg
  • League: Diamond
  • Spawn Location: 1:00

VOD

Have the link to the VOD?

Description

Time

  • Played on: May 13, 2020, 9:10 a.m.
  • Length: 8:39
Show
View Real Time Build Order
Export as new Build Order

Nopi Zerg - Winner!

Build Orders:  

Get SALT Encoding   

  12  0:01  Drone  
  13  0:18  Overlord  
  13  0:23  Drone  
  14  0:43  Drone x2  
  14  0:48  Drone  
  17  1:12  Hatchery  
  17  1:18  Drone  
  17  1:22  Drone  
  18  1:33  Drone  
  19  1:48  Drone  
  20  1:54  Spawning Pool  
  19  2:03  Drone  
  19  2:08  Extractor  
  19  2:19  Overlord  
  19  2:33  Drone  
  20  3:01  Queen x2  
  20  3:02  Zergling x2  
  20  3:03  Zergling x2  
  20  3:06  Drone  
  20  3:08  Drone  
  28  3:25  Drone x2  
  30  3:37  Drone  
  30  3:38  Drone  
  32  3:41  Hatchery  
  32  3:48  Drone  
  32  4:04  Queen x2  
  36  4:10  Overlord  
  36  4:17  Overlord  
  36  4:36  Drone x2  
  36  4:37  Drone x2  
  36  4:39  Drone  
  41  4:43  Drone  
  41  4:49  Drone x2  
  44  4:52  Drone  
  45  5:14  Overlord x2  
  45  5:17  Overlord  
  45  5:21  Lair  
  45  5:23  Drone x2, Metabolic Boost  
  45  5:24  Drone  
  45  5:27  Drone  
  49  5:45  Queen  
  51  5:54  Extractor  
  51  5:58  Drone x2, Extractor  
  51  5:59  Drone  
  52  6:01  Drone x3  
  55  6:28  Zergling x2  
  55  6:29  Zergling x22  
  67  6:53  Roach Warren  
  66  7:01  Overlord  
  66  7:02  Overlord x8  
Tags
 
Add a new tag
Caveats
  • Supply blocks, unpowered buildings, or Contaminate may cause inaccurate times.
  • Supply counts are checked every 10 seconds.